 Dungeon Crawl Stone Soup version 0.27.0-66-gdc8fb28755 (webtiles) character file.

Game seed: 5906453804603732344

1076 Spectrina the Covert (level 8, 0/45 HPs)
             Began as a Vampire Delver on Aug 20, 2021.
             Was a Follower of Nemelex Xobeh.
             Slain by a water moccasin skeleton (2 damage)
             ... on level 5 of the Dungeon.
             The game lasted 00:12:59 (1623 turns).

Spectrina the Covert (Vampire Delver)               Turns: 1623, Time: 00:13:00

Health: 0/45       AC:  8    Str: 11    XL:     8   Next: 8%
Magic:  10/10      EV: 12    Int: 13    God:    Nemelex Xobeh [*.....]
Gold:   175        SH:  0    Dex: 17    Spells: 7/7 levels left

rFire    + + .     SeeInvis +   u - +0 rapier
rCold    + . .     Faith    .   (no shield)
rNeg     + + +     Spirit   .   t - +3 leather armour {rF+}
rPois    ∞         Reflect  .   x - +0 helmet
rElec    .         Harm     .   (no cloak)
rCorr    .         Rampage  .   (no gloves)
Will     .....                  s - +0 pair of boots
Stlth    +++++++...             (no amulet)
HPRegen  0.00/turn              p - ring of fire
MPRegen  0.12/turn              (no ring)

@: bloodless, inhibited regen
A: bloodless, fangs 3, see invisible, vampiric 2
a: Bat Form, Revivify, Renounce Religion, Draw Escape, Draw Destruction, Draw
Summoning


You were on level 5 of the Dungeon.
You worshipped Nemelex Xobeh.
Nemelex Xobeh was aware of your devotion.
You visited 1 branch of the dungeon, and saw 5 of its levels.

You collected 175 gold pieces.

Inventory:

Hand Weapons
 a - a +0 short sword
 h - a +0 dagger
 u - a +0 rapier (weapon)
 w - a +0 hunting sling
Missiles
 l - 16 sling bullets
 q - 7 poisoned darts (quivered)
Armour
 b - a +0 leather armour
 s - a +0 pair of boots (worn)
 t - a +3 leather armour of fire resistance (worn)
 x - a +0 helmet (worn)
 z - +0 steam dragon scales
Jewellery
 p - a ring of fire (left hand)
Wands
 g - a wand of digging (2)
 k - a wand of flame (24)
Scrolls
 c - a scroll of fog
 d - 3 scrolls of magic mapping
 e - a scroll of fear
 j - a scroll of summoning {unknown}
 n - 2 scrolls of blinking {unknown}
 o - 3 scrolls of identify {unknown}
 y - a scroll of brand weapon {unknown}
Potions
 f - a potion of haste
 i - 2 potions of heal wounds {unknown}
 m - a potion of magic {unknown}
 r - a potion of might {unknown}
 v - a potion of resistance {unknown}


   Skills:
 - Level 2.6 Fighting
 + Level 4.4 Short Blades
 - Level 2.1 Dodging
 * Level 13.6 Stealth
 + Level 3.1 Invocations


You had 7 spell levels left.
You didn't know any spells.
Your spell library contained the following spells:

 Spells                   Type           Power      Damage    Failure   Level
 Slow                     Hex            0%         N/A       52%         2
 Confusing Touch          Hex            0%         N/A       77%         3
 Ignite Poison            Fire/Tmut/Pois 0%         N/A       77%         3
 Mephitic Cloud           Conj/Pois/Air  0%         N/A       77%         3
 Bolt of Magma            Conj/Fire/Erth 0%         4d4       100%        5
 Yara's Violent Unravell  Hex/Tmut       0%         3d3       100%        5


Dungeon Overview and Level Annotations

Branches:
Dungeon (5/15)
 Temple: D:4-7

Altars:
Cheibriados
Nemelex Xobeh
Ru
Zin

Annotations:
D:5 Sigmund


Innate Abilities, Weirdness & Mutations

You do not regenerate when monsters are visible.
You are frail without blood (-20% HP).
You can heal yourself when you bite living creatures.
You are immune to poison.
You have razor-sharp teeth.
You have supernaturally acute eyesight. (SInv)
You are afflicted with vampirism and can become a bat while bloodless.


Message History

You barely miss the steam dragon.
The steam dragon is heavily wounded.
The steam dragon breathes steam at you. The ball of steam hits you. You resist.
* * * LOW HITPOINT WARNING * * *
Your -1 quarterstaff of venom barely misses the steam dragon.
Unknown command.
You hit the steam dragon but do no damage.
The steam dragon is heavily wounded.
The steam dragon breathes steam at you. The ball of steam hits you. You resist.
* * * LOW HITPOINT WARNING * * *
Your -1 quarterstaff of venom hits the steam dragon!
The steam dragon looks as sick as possible!
You hit the steam dragon but do no damage.
The steam dragon is almost dead.
The steam dragon barely misses you. x2
A phantom comes into view.
Unknown command.
You hit the steam dragon but do no damage.
The steam dragon is almost dead.
The steam dragon dies!
The steam dragon scales are intact enough to wear.
Your Invocations skill increases to level 3!
You have reached level 8!
Unknown command.
The water moccasin skeleton bites your -1 quarterstaff of venom.
Your -1 quarterstaff of venom hits the water moccasin skeleton!
Things that are here:
+0 steam dragon scales; a steam dragon corpse z - +0 steam dragon scales The water moccasin skeleton bites your -1 quarterstaff of venom.
Your -1 quarterstaff of venom is destroyed!
The water moccasin skeleton bites you.
* * * LOW HITPOINT WARNING * * *
You draw a card...
You have drawn the Swarm.
The deck of cards glows slightly and disappears.
The water moccasin skeleton bites you.
You die...
Your body disappears without a glow.

....## ####..)......##
.....####....########.# ##
.....##...#### #.# ####.###
........### #.####.......
####.###### #............
......#...###############.(......
...........<.....................
)...).........y##########........
....##....#.##yy@Zy.@...>........
###..#....#..######W.............
.###........... ##.†...........
..........##.. #.......#.....
#....##........ #..............
#...).##......# ...........###..
#####....##.... #...#........
.##.. .... #..#......... .# .##
... >.. .........


You could see Sigmund, a phantom, a water moccasin skeleton (ally target) and 4
friendly killer bees.

Vanquished Creatures
  Menkaure (D:4)
  A black bear (D:4)
  3 lemures (D:4)
  A hound (D:4)
  A centaur skeleton (D:4)
  3 scorpion zombies (D:5)
  A hound skeleton (D:5)
  Robin (D:4)
  5 adders
  4 orcs
  3 ball pythons
  2 endoplasms
  A giant cockroach (D:4)
  12 goblins
  8 hobgoblins
  3 jackals (D:1)
  3 bats
  2 frilled lizards (D:3)
  9 kobolds
  A rat (D:3)
65 creatures vanquished.

Vanquished Creatures (collateral kills)
  Pikel (D:4)
  Eustachio (D:4)
  A steam dragon (D:5)
  An ogre (D:4)
4 creatures vanquished.

Vanquished Creatures (others)
  8 fungi (D:4)
  8 toadstools (D:4)
16 creatures vanquished.

Grand Total: 85 creatures vanquished

Notes
Turn   | Place    | Note
-------+----------+-------------------------------------------
     0 | D:5      | Spectrina the Vampire Delver began the quest for the Orb.
     0 | D:5      | Reached XP level 1. HP: 17/17 MP: 1/1
    26 | D:5      | Reached XP level 2. HP: 18/18 MP: 2/2
    43 | D:4      | Reached skill level 8 in Stealth
   156 | D:4      | Found a sparkling altar of Nemelex Xobeh.
   157 | D:4      | Noticed a black bear
   160 | D:4      | Killed a black bear
   161 | D:4      | Reached skill level 10 in Stealth
   161 | D:4      | Gained mutation: You are afflicted with vampirism and can
                  | become a bat while bloodless. [Vampire growth]
   161 | D:4      | Reached XP level 3. HP: 22/22 MP: 3/3
   161 | D:4      | Reached XP level 4. HP: 27/27 MP: 4/4
   166 | D:4      | Became a worshipper of Nemelex Xobeh the Trickster
   218 | D:4      | Found a snail-covered altar of Cheibriados.
   218 | D:4      | Noticed Menkaure
   225 | D:4      | Killed Menkaure
   226 | D:4      | Reached skill level 11 in Stealth
   226 | D:4      | Reached XP level 5. HP: 31/31 MP: 5/5
   242 | D:4      | Noticed a lemure
   252 | D:4      | Noticed Eustachio
   626 | D:1      | Found a faded altar of an unknown god.
   680 | D:3      | Reached * piety under Nemelex Xobeh
   695 | D:3      | Found a sacrificial altar of Ru.
   729 | D:3      | Reached XP level 6. HP: 23/36 MP: 6/6
  1125 | D:4      | Received a gift from Nemelex Xobeh
  1128 | D:4      | Noticed Pikel
  1144 | D:4      | Killed Pikel
  1145 | D:4      | Reached skill level 12 in Stealth
  1145 | D:4      | Reached XP level 7. HP: 25/40 MP: 6/8
  1149 | D:4      | Killed Eustachio
  1150 | D:4      | Reached skill level 13 in Stealth
  1301 | D:4      | Noticed Robin
  1338 | D:4      | Killed Robin
  1571 | D:5      | Noticed Sigmund
  1604 | D:5      | Noticed a steam dragon
  1615 | D:5      | Killed a steam dragon
  1616 | D:5      | Reached XP level 8. HP: 3/45 MP: 10/10
  1622 | D:5      | HP: 2/45 [water moccasin skeleton (1)]
  1623 | D:5      | Slain by a water moccasin skeleton

Illustrated notes

Levels and vault maps discovered:
D:1:      sevenhm_arrival_forest_fort_small_3, layout_rooms,
          hellmonk_ecumenical_altar_run_dry
D:2:      layout_basic, basic_altar
D:3:      layout_basic, nicolae_ru_sacrificial_ziggurat
D:4:      cheibrodos_fertilizer, layout_basic, cheibriados_altar_1,
          lemuel_round_altar, uniq_menkaure, uniq_robin, uniq_pikel,
          uniq_eustachio
D:5:      layout_rooms, mainiacjoe_overflow_alcove_1, zin_scriptorium,
          minmay_temple_entry_waves, minmay_misc_feat_more_columns, uniq_sigmund

Skill      XL: |  1  2  3  4  5  6  7 |
---------------+----------------------+-----
Stealth        | 10 11 12 13 | 13.6
Short Blades   | 3 4 |  4.4
Invocations    | 2 3 |  3.1
Fighting       | |  2.6
Dodging        | |  2.1

Action                   |  1- 3 |  4- 6 |  7- 9 || total
-------------------------+-------+-------+-------++-------
Melee: Short sword       |     4 |       |       ||     4
       Dagger            |     5 |   125 |     9 ||   139
       Bite              |     1 |    12 |    12 ||    25
       Rapier            |       |       |    80 ||    80
Invok: Draw Destruction  |       |     4 |       ||     4
       Draw Summoning    |       |     1 |     2 ||     3
 Abil: Exsanguinate      |     1 |       |       ||     1
Evoke: Wand              |       |       |     1 ||     1
 Stab: Sleeping          |     6 |    21 |       ||    27
       Distracted        |       |       |     1 ||     1
Armor: Leather armour    |     1 |    24 |    32 ||    57
Dodge: Dodged            |     2 |    79 |    60 ||   141
